 Dungeon Crawl Stone Soup version 0.32-a0-900-g30fb1b0edc (webtiles) character file.

Game seed: 9592340619079127925

10575 RBrandon the Spear-Bearer (level 11, -6/130 HPs)
             Began as a Coglin Berserker on Apr 5, 2024.
             Was a Priest of Trog.
             Mangled by a minotaur (9 damage)
             ... in a Gauntlet.
             The game lasted 00:14:55 (7752 turns).

RBrandon the Spear-Bearer (Coglin Berserker)        Turns: 7752, Time: 00:14:56

Health: -6/130     AC: 12    Str: 17    XL:     11   Next: 64%
Magic:  3/3        EV:  7    Int: 14    God:    Trog [***...]
Gold:   263        SH:  0    Dex: 14    Spells: 10/10 levels left

rFire   . . .        k - +1 trident {Ingrid}
rCold   . . .        w - +10 spear of a bazaar {antimagic, ^Fragile rPois Str-4 Int+7}
rNeg    . . .        v - +1 chain mail
rPois   +            (no helmet)
rElec   .            u - +2 cloak {rCorr}
rCorr   +            (no gloves)
SInv    .            (no boots)
Will    ++...        (amulet unavailable) Stlth
                     (ring unavailable)
HPRegen 1.41/turn    (ring unavailable)
MPRegen 0.08/turn    (no gizmo)

%: no teleportation
@: berserking, strong-willed (expiring), regenerating (expiring), revving, very
quick
A: off-hand wielding, slow wielding, warmup strikes, no jewellery
a: Invent Gizmo, Renounce Religion, Berserk, Trog's Hand


You were in a Gauntlet.
You worshipped Trog.
Trog was most pleased with you.
You visited 2 branches of the dungeon, and saw 9 of its levels.
You also visited: Sewer and Gauntlet.

You collected 263 gold pieces.

Inventory:

Hand Weapons
 a - a +0 hand axe {Karl}
 j - a +0 short sword {Dalbir}
 k - a +1 trident (weapon) {Ingrid}
 w - the +10 spear of a bazaar (offhand) {antimagic, ^Fragile rPois Str-4 Int+7}
   (You found it on level 4 of the Dungeon)

   Str-4:     It affects your strength (-4).
   Int+7:     It affects your intelligence (+7).
   rPois:     It protects you from poison.
   ^Fragile:  It will be destroyed if unequipped.
 B - a +2 dagger of venom {Udom}
   (You found it on level 5 of the Dungeon)
Armour
 h - a +0 ring mail
 q - a +2 cloak of willpower
   (You found it in a Gauntlet)
 u - a +2 cloak of preservation (worn)
   (You took it off Crazy Yiuf on level 3 of the Dungeon)
 v - a +1 chain mail (worn)
Talismans
 t - a maw talisman
Wands
 E - a wand of mindburst (7)
Scrolls
 c - 6 scrolls of teleportation
 o - a scroll of poison
 r - a scroll of revelation
Potions
 b - 2 potions of cancellation
 d - a potion of might {unknown}
 e - 3 potions of curing
 f - a potion of lignification {unknown}
 g - 4 potions of haste {unknown}
 i - a potion of resistance {unknown}
 l - a potion of attraction {unknown}
 m - 3 potions of heal wounds {unknown}
 n - a potion of magic {unknown}
 p - a potion of ambrosia {unknown}
 A - 3 potions of mutation {unknown}
 C - 2 potions of enlightenment {unknown}


   Skills:
 - Level 8.7 Fighting
 - Level 7.3(11.9) Axes
 + Level 13.4(14.0) Polearms
 - Level 1.7 Armour
 - Level 1.7 Dodging


You had 10 spell levels left.
You didn't know any spells.
Your spell library was empty.

Dungeon Overview and Level Annotations

Branches:
Dungeon (8/15)             Temple (0/1) D:7            Lair (1/5) D:8
  Sewer (visited)         Gauntlet (1/1)

Altars:
Cheibriados
Fedhas
Makhleb
Okawaru
Sif Muna
Trog
Vehumet
Xom
The Shining One

Shops:
D:7 ?

Annotations:
D:3 1 runed translucent door, inkslinger's ghost, amateur MDRe Gauntlet 6 transporters, exclusion: lightning spire


Innate Abilities, Weirdness & Mutations

You can wield a second weapon in your off-hand.
It takes a long time for you to wield or remove held weapons.
Your first few attacks do less damage.
You cannot equip rings or amulets.


Message History

* * * LOW HITPOINT WARNING * * *
Okay, then.
You feel better.
The minotaur shoots an arrow.
The arrow hits you but does no damage.
As you read the scroll of fog, it dissolves into smoke.
The minotaur throws a javelin.
The javelin pierces through you!
* * * LOW HITPOINT WARNING * * *
You feel better.
Your skin crawls.
You feel strong-willed.
A red film seems to cover your vision as you go berserk!
You feel yourself moving faster!
You feel mighty!
You feel the effects of Trog's Hand fading.
The minotaur unwields a +4 orcbow of flaming.
It stops flaming.
The minotaur hits you.
* * * LOW HITPOINT WARNING * * *
The minotaur barely misses you.
You hit the minotaur but do no damage.
You puncture the minotaur with the +10 spear of a bazaar!
You puncture the minotaur with your +1 trident!
The minotaur is moderately wounded.
You puncture the minotaur with the +10 spear of a bazaar!
You closely miss the minotaur with your +1 trident.
The minotaur is moderately wounded.
You hit the minotaur with the +10 spear of a bazaar.
The minotaur hits you!!
* * * LOW HITPOINT WARNING * * *
The minotaur gores you.
* * * LOW HITPOINT WARNING * * *
You hit the minotaur but do no damage.
The minotaur is heavily wounded.
You hit the minotaur but do no damage.
You hit the minotaur with your +1 trident.
The minotaur is heavily wounded.
You hit the minotaur with the +10 spear of a bazaar.
You hit the minotaur but do no damage.
The minotaur is heavily wounded.
You puncture the minotaur with your +1 trident!
The minotaur hits you!
You die...

#ß#..##.##.##.##...#.≈≈...≈..
###..##.##.##^##...#.≈..I≈.≈.
#..#..()©[u..#...#h.≈.©!.≈"
###..###########...##########
#ß#..........................
###≈............≈∩≈..........
###########################
#ß# #§§§§§§§.........≈# # ###
#ߧß@ߧ§©.©..ß.ß.ß# #
#≈.H§§§§.........≈#
#########.######### .... ##.#
... #.# .#


You could see a minotaur and a red ugly thing.

Vanquished Creatures
  A great orb of eyes (Gauntlet)
  A hell beast (Gauntlet)
  A boulder beetle (D:8)
  2 death yaks (D:8)
  Amaemon (D:8)
  Pikel (D:5)
  A cane toad (Lair:1)
  2 komodo dragons (Lair:1)
  Grinder (D:3)
  A slime creature (D:8)
  Sigmund (D:3)
  15 yaks
  A steam dragon (D:6)
  2 swamp worms (Gauntlet)
  A water moccasin (Lair:1)
  2 orc warriors
  3 black bears
  A sky beast (D:7)
  2 ice beasts
  2 ogres
  A centaur (D:7)
  A phantom (D:7)
  A kobold brigand (D:7)
  3 bullfrogs
  2 brain worms (Sewer)
  2 scorpions (D:7)
  2 bombardier beetles (D:4)
  4 hounds
  3 orc priests
  Crazy Yiuf (D:3)
  A gnoll bouda (D:6)
  2 jellies
  5 iguanas
  Natasha (D:2)
  5 orc wizards
  Terence (D:3)
  A hell rat (D:8)
  5 gnolls (D:6)
  9 adders
  4 river rats (Sewer)
  2 white imps (D:6)
  4 ufetubi (D:6)
  2 ribbon worms
  4 dart slugs
  25 orcs
  10 ball pythons
  5 bats
  9 endoplasms
  3 giant cockroaches
  8 goblins
  8 hobgoblins
  10 kobolds
  9 frilled lizards
  4 rats
199 creatures vanquished.

Notes
Turn   | Place    | Note
-------+----------+-------------------------------------------
     0 | D:1      | RBrandon the Coglin Berserker began the quest for the Orb.
     0 | D:1      | Reached XP level 1. HP: 18/18 MP: 1/1
   132 | D:1      | Reached XP level 2. HP: 16/24 MP: 2/2
   336 | D:1      | Reached XP level 3. HP: 29/29 MP: 3/3
  1070 | D:2      | Reached ** piety under Trog
  1228 | D:2      | Noticed Natasha
  1234 | D:2      | Killed Natasha
  1235 | D:2      | Reached XP level 4. HP: 22/37 MP: 4/4
  1665 | D:3      | Reached XP level 5. HP: 42/42 MP: 5/5
  1666 | D:3      | Reached skill level 5 in Axes
  1770 | D:3      | Found a runed translucent door.
  1770 | D:3      | Noticed inkslinger's ghost (amateur MDRe)
  1777 | D:3      | Noticed Grinder
  1778 | D:3      | Paralysed by Grinder for 4 turns
  1787 | D:3      | Killed Grinder
  1788 | D:3      | Reached XP level 6. HP: 50/50 MP: 6/6
  1803 | D:3      | Noticed Terence
  1816 | D:3      | Killed Terence
  1926 | D:3      | Found an iron altar of Okawaru.
  1992 | D:3      | Noticed Sigmund
  2003 | D:3      | Killed Sigmund
  2004 | D:3      | Reached skill level 5 in Fighting
  2004 | D:3      | Reached XP level 7. HP: 56/56 MP: 7/7
  2170 | D:3      | Found a runed translucent door.
  2171 | D:3      | Noticed Crazy Yiuf
  2286 | D:3      | Found a faded altar of an unknown god.
  2404 | D:3      | Killed Crazy Yiuf
  2776 | D:4      | Identified the +10 spear of a bazaar {antimagic, ^Fragile
                  | rPois Str-4 Int+7}
  2820 | D:4      | You fall into a shaft and drop 1 floor!
  2820 | D:5      | Entered Level 5 of the Dungeon
  2893 | D:5      | Noticed Pikel
  2923 | D:5      | Killed Pikel
  2924 | D:5      | Reached XP level 8. HP: 27/68 MP: 2/8
  3194 | D:5      | Found a glowing drain.
  3216 | Sewer    | Entered a sewer
  3312 | Sewer    | Reached skill level 1 in Polearms
  3379 | Sewer    | Reached *** piety under Trog
  3380 | Sewer    | Reached skill level 2 in Polearms
  3647 | D:5      | Found a radiant altar of Vehumet.
  3649 | D:5      | Found a burning altar of Makhleb.
  3650 | D:5      | Found a shimmering blue altar of Sif Muna.
  3650 | D:5      | Found a blossoming altar of Fedhas.
  3652 | D:5      | Found a glowing golden altar of the Shining One.
  3653 | D:5      | Found a shimmering altar of Xom.
  3682 | D:5      | Reached XP level 9. HP: 70/75 MP: 3/9
  3715 | D:5      | Reached skill level 3 in Polearms
  3986 | D:6      | Found a snail-covered altar of Cheibriados.
  4008 | D:6      | Found a bloodstained altar of Trog.
  4017 | D:6      | Reached skill level 4 in Polearms
  4457 | D:6      | Reached skill level 5 in Polearms
  5251 | D:7      | Reached skill level 6 in Polearms
  5343 | D:7      | Found a staircase to the Ecumenical Temple.
  5362 | D:7      | Found Osagged's Magic Scroll Shop.
  5551 | D:7      | Reached skill level 7 in Polearms
  5636 | D:7      | Reached **** piety under Trog
  6112 | D:7      | Reached skill level 8 in Polearms
  6112 | D:7      | Reached XP level 10. HP: 75/82 MP: 3/10
  6363 | D:8      | Noticed a death yak
  6369 | D:8      | Noticed a death yak
  6376 | D:8      | Killed a death yak
  6377 | D:8      | Reached skill level 9 in Polearms
  6389 | D:8      | Killed a death yak
  6394 | D:8      | Reached skill level 10 in Polearms
  6422 | D:8      | Found a staircase to the Lair.
  6665 | D:8      | Reached skill level 11 in Polearms
  6715 | D:8      | Noticed a boulder beetle
  6764 | D:8      | Killed a boulder beetle
  6765 | D:8      | Reached XP level 11. HP: 64/87 MP: 3/11
  6916 | D:8      | Noticed Amaemon
  6951 | D:8      | Killed Amaemon
  6952 | D:8      | Reached skill level 12 in Polearms
  7022 | Lair:1   | Entered Level 1 of the Lair of Beasts
  7153 | Lair:1   | Found a gate leading to a gauntlet.
  7237 | Gauntlet | Entered a Gauntlet
  7237 | Gauntlet | Found a transporter.
  7237 | Gauntlet | Found a transporter.
  7237 | Gauntlet | Found a transporter.
  7279 | Gauntlet | Found a transporter.
  7282 | Gauntlet | Found a transporter.
  7287 | Gauntlet | Noticed a ghost crab
  7292 | Gauntlet | Found a transporter.
  7292 | Gauntlet | Noticed a hell beast
  7296 | Gauntlet | Found a transporter.
  7303 | Gauntlet | Noticed a red ugly thing
  7305 | Gauntlet | Noticed a lightning spire
  7306 | Gauntlet | Found a transporter.
  7312 | Gauntlet | Found a transporter.
  7322 | Gauntlet | Noticed a great orb of eyes
  7330 | Gauntlet | Found a transporter.
  7334 | Gauntlet | Found a transporter.
  7344 | Gauntlet | Found a transporter.
  7591 | Gauntlet | Killed a hell beast
  7592 | Gauntlet | Reached skill level 13 in Polearms
  7673 | Gauntlet | Killed a great orb of eyes
  7731 | Gauntlet | Noticed a minotaur
  7749 | Gauntlet | HP: 5/130 [minotaur (24)]
  7749 | Gauntlet | HP: 2/130 [minotaur (3)]
  7752 | Gauntlet | Mangled by a minotaur

Illustrated notes

Levels and vault maps discovered:
D:1:      dpeg_arrival_simpleton_b, layout_loops_ring, solitary_fountain
D:2:      layout_loops_ring, uniq_natasha
D:3:      layout_basic, mainiacjoe_overflow_six_doors_small,
          ebering_ecumenical_altar_mist, gammafunk_ghost_grave,
          grunt_ministairs_5, uniq_sigmund, uniq_crazy_yiuf_cottage,
          uniq_grinder, uniq_terence
D:4:      layout_basic, minitemple, nicolae_custom_books, minmay_cut_off
D:5:      layout_loops_ring, grunt_temple_overflow_open, gup_sewer_entry_glass,
          uniq_pikel
D:6:      layout_basic, trog_ov_bears_minmay, slow_altar_1, sigmund_army
D:7:      layout_basic, minmay_temple_entry_trees, serial_shops, shop_fountains
D:8:      minmay_bloctagon_deflated, layout_cave_pods,
          nicolae_uskayaw_dance_hall, dpeg_lair_monsters, uniq_amaemon,
          uniq_joseph, uniq_maggie
Lair:1:   layout_gridlike, gauntlet_entry_generic, lemuel_fruit_tree, uniq_urug,
          uniq_jeremiah
Gauntlet: gammafunk_gauntlet_hard_choice [nicolae_gauntlet_swirl,
          gammafunk_gauntlet_arena_corners,
          gammafunk_gauntlet_arena_arrow_garden, nicolae_gauntlet_arena_x,
          gammafunk_gauntlet_arena_crates, nicolae_gauntlet_arena_flowing_pool,
          dreamdust_gauntlet_exit_labyrinth]

Skill      XL: |  1  2  3  4  5  6  7  8  9 10 11 |
---------------+----------------------------------+-----
Axes           | 4 6 7 |  7.3
Fighting       | 4 5 8 |  8.7
Polearms       | 2 8 11 13 | 13.4
Armour         | |  1.7
Dodging        | |  1.7

Action                     |  1- 3 |  4- 6 |  7- 9 | 10-12 || total
---------------------------+-------+-------+-------+-------++-------
  Melee: Dagger            |    52 |       |    98 |    32 ||   182
         Hand axe          |    72 |    49 |    84 |       ||   205
         Short sword       |    14 |       |       |       ||    14
         Trident           |    11 |    56 |    25 |   122 ||   214
         Spear             |       |       |   232 |   170 ||   402
 Invoke: Berserk           |       |     3 |     3 |     8 ||    14
         Trog's Hand       |       |     3 |     1 |     4 ||     8
    Use: Potion            |       |       |     2 |     3 ||     5
         Scroll            |       |       |     2 |    14 ||    16
 Armour: Animal skin       |     4 |       |       |       ||     4
         Ring mail         |    35 |    45 |    10 |       ||    90
         Chain mail        |       |       |   165 |    91 ||   256
  Dodge: Dodged            |    33 |    26 |    64 |    20 ||   143

Table legend: (Time is in decaauts)
 A = Elapsed time spent in this place.
 B = Non-inter-level travel time spent in this place.
 C = Inter-level travel time spent in this place.
 D = Time resting spent in this place.
 E = Time spent auto-exploring this place.
 F = Levels seen in this place.
 G = Mean time per level.
                   A        B        C        D        E       F      G
               +--------+--------+--------+--------+--------+-----+--------+
         Total |   7848 |   7563 |    285 |    924 |   4873 |  11 |  713.5 |
       Dungeon |   6675 |   6390 |    285 |    652 |   4458 |   8 |  834.4 |
          Lair |    205 |    205 |      0 |     87 |     41 |   1 |  205.0 |
         Sewer |    438 |    438 |      0 |      6 |    313 |   1 |  438.0 |
      Gauntlet |    528 |    528 |      0 |    178 |     61 |   1 |  528.0 |
               +--------+--------+--------+--------+--------+-----+--------+

Top non-repeatable levels by time:
     D:6: 1242 daAuts
     D:7: 1181 daAuts
     D:3: 1056 daAuts
     D:1: 818 daAuts
     D:5: 784 daAuts
     D:2: 659 daAuts
     D:8: 592 daAuts
Gauntlet: 528 daAuts
   Sewer: 438 daAuts
     D:4: 341 daAuts
  Lair:1: 205 daAuts

Levels and vault maps discovered:
D:1:      dpeg_arrival_simpleton_b, layout_loops_ring, solitary_fountain
D:2:      layout_loops_ring, uniq_natasha
D:3:      layout_basic, mainiacjoe_overflow_six_doors_small,
          ebering_ecumenical_altar_mist, gammafunk_ghost_grave,
          grunt_ministairs_5, uniq_sigmund, uniq_crazy_yiuf_cottage,
          uniq_grinder, uniq_terence
D:4:      layout_basic, minitemple, nicolae_custom_books, minmay_cut_off
D:5:      layout_loops_ring, grunt_temple_overflow_open, gup_sewer_entry_glass,
          uniq_pikel
D:6:      layout_basic, trog_ov_bears_minmay, slow_altar_1, sigmund_army
D:7:      layout_basic, minmay_temple_entry_trees, serial_shops, shop_fountains
D:8:      minmay_bloctagon_deflated, layout_cave_pods,
          nicolae_uskayaw_dance_hall, dpeg_lair_monsters, uniq_amaemon,
          uniq_joseph, uniq_maggie
Lair:1:   layout_gridlike, gauntlet_entry_generic, lemuel_fruit_tree, uniq_urug,
          uniq_jeremiah
Gauntlet: gammafunk_gauntlet_hard_choice [nicolae_gauntlet_swirl,
          gammafunk_gauntlet_arena_corners,
          gammafunk_gauntlet_arena_arrow_garden, nicolae_gauntlet_arena_x,
          gammafunk_gauntlet_arena_crates, nicolae_gauntlet_arena_flowing_pool,
          dreamdust_gauntlet_exit_labyrinth]

Table legend: (Time is in decaauts)
 A = Elapsed time spent in this place.
 B = Non-inter-level travel time spent in this place.
 C = Inter-level travel time spent in this place.
 D = Time resting spent in this place.
 E = Time spent auto-exploring this place.
 F = Levels seen in this place.
 G = Mean time per level.
                   A        B        C        D        E       F      G
               +--------+--------+--------+--------+--------+-----+--------+
         Total |   7848 |   7563 |    285 |    924 |   4873 |  11 |  713.5 |
       Dungeon |   6675 |   6390 |    285 |    652 |   4458 |   8 |  834.4 |
          Lair |    205 |    205 |      0 |     87 |     41 |   1 |  205.0 |
         Sewer |    438 |    438 |      0 |      6 |    313 |   1 |  438.0 |
      Gauntlet |    528 |    528 |      0 |    178 |     61 |   1 |  528.0 |
               +--------+--------+--------+--------+--------+-----+--------+

Top non-repeatable levels by time:
     D:6: 1242 daAuts
     D:7: 1181 daAuts
     D:3: 1056 daAuts
     D:1: 818 daAuts
     D:5: 784 daAuts
     D:2: 659 daAuts
     D:8: 592 daAuts
Gauntlet: 528 daAuts
   Sewer: 438 daAuts
     D:4: 341 daAuts
  Lair:1: 205 daAuts

Table legend:
 A = Kills in this place as a percentage of kills in the entire game.
 B = Kills by you in this place as a percentage of kills by you in the entire game.
 C = Kills by friends in this place as a percentage of kills by friends in the entire game.
 D = Other kills in this place as a percentage of other kills in the entire game.
 E = Experience gained in this place as a percentage of experience gained in the entire game.
 F = Experience gained in this place divided by the number of levels of this place that you have seen.
                   A       B       C       D       E      F
               +-------+-------+-------+-------+-------+----------------------
         Total | 100.0 | 100.0 |   N/A |   N/A | 100.0 | 1373.5
       Dungeon |  82.4 |  82.4 |   N/A |   N/A |  66.2 | 1249.4
          Lair |   6.0 |   6.0 |   N/A |   N/A |  18.3 | 2759.0
         Sewer |   9.5 |   9.5 |   N/A |   N/A |   1.9 | 287.0
      Gauntlet |   2.0 |   2.0 |   N/A |   N/A |  13.7 | 2067.0
               +-------+-------+-------+-------+-------+----------------------
